 Dungeon Crawl Stone Soup version 0.19.5 (webtiles) character file.

162 Mesmaeker13 the Poker (level 5, -3/42 HPs)
             Began as a Merfolk Gladiator on Apr 3, 2017.
             Killed by divine providence
             ... invoked by an orc priest
              (12 damage)
             ... on level 3 of the Dungeon.
             The game lasted 00:04:01 (1869 turns).

Mesmaeker13 the Poker (Merfolk Gladiator)           Turns: 1869, Time: 00:04:01

Health: -3/42      AC:  7    Str: 16    XL:     5   Next: 43%
Magic:  5/5        EV: 13    Int:  8    God:
Gold:   117        SH:  0    Dex: 18    Spells: 0 memorised, 4 levels left

rFire  . . .     SeeInvis .     a - +0 trident
rCold  . . .     Gourm    .     k - +0 scale mail
rNeg   . . .     Faith    .     (no shield)
rPois  .         Spirit   .     c - +0 helmet
rElec  .         Reflect  .     (no cloak)
rCorr  .         Harm     .     (no gloves)
MR     .....                    (no boots)
Stlth  ..........               (no amulet)
                                (no ring)
                                e - +4 ring of dexterity

@: no status effects
A: change form in water, swift swim, stealthy swim
a: no special abilities


You were on level 3 of the Dungeon.
You were not hungry.

You visited 1 branch of the dungeon, and saw 3 of its levels.

You collected 117 gold pieces.

Inventory:

Hand Weapons
 a - a +0 trident (weapon)
Missiles
 i - 3 needles of frenzy
 v - 2 javelins of penetration (quivered)
Armour
 c - a +0 helmet (worn)
 k - a +0 scale mail (worn)
Jewellery
 e - a +4 ring of dexterity (left hand)
Wands
 q - a wand of lightning (0/15)
Scrolls
 d - a scroll of fear {unknown}
 j - a scroll of teleportation {unknown}
 m - a scroll of blinking
 n - a scroll of remove curse
 o - 2 scrolls of enchant armour
 w - a scroll of enchant weapon {unknown}
Potions
 h - 3 potions of curing
 p - a potion of degeneration {unknown}
 r - a potion of brilliance {unknown}
 t - a potion of ambrosia {unknown}
Comestibles
 b - a beef jerky
 f - a bread ration
 g - a slice of pizza
 l - 2 meat rations
 s - 3 chunks of flesh


   Skills:
 + Level 3.7 Fighting
 + Level 6.2 Polearms
 - Level 2.0 Throwing
 + Level 5.5 Dodging


You had 4 spell levels left.
You didn't know any spells.

Dungeon Overview and Level Annotations

Branches:
Dungeon (3/15)

Altars:


Message History

Aim: an orc priest (heavily wounded)
You reach to attack!
You barely miss the orc priest.
The orc priest is heavily wounded.
An orc comes into view. It is wielding a club.
You hit the orc priest.
The orc priest is almost dead.
The orc priest hits you.
You closely miss the orc priest.
The orc priest is almost dead.
The orc priest calls down the wrath of Beogh upon you.
Beogh smites you!
* * * LOW HITPOINT WARNING * * *
You are too injured to fight recklessly!
You are too injured to fight recklessly!
You are too injured to fight recklessly!
You hit the orc priest.
The orc priest is almost dead.
The orc priest calls down the wrath of Beogh upon you.
Beogh smites you!
You die...

#.# .# .#. .## .. ...
....# o#.### .o..#
#o#.# #@#.# #.#.# ..
#.#.# #.# #. #...# #>#
#. ##..# #.# ##.# #..#
#.# ###...##### #..#
#.#
....#.....###..######.#
#...##...##.......(.#


You could see an orc priest and 2 orcs.

Vanquished Creatures
  Terence (D:3)
  Robin (D:2)
  4 adders (D:2)
  An ooze (D:1)
  2 worms
  A dart slug (D:1)
  2 leopard geckos (D:2)
  4 giant cockroaches
  17 goblins
  10 hobgoblins
  8 jackals (D:1)
  A quokka (D:2)
  7 bats
  3 frilled lizards
  4 kobolds
  3 rats (D:1)
69 creatures vanquished.

Notes
Turn   | Place    | Note
-------+----------+-------------------------------------------
     0 | D:1      | Mesmaeker13 the Merfolk Gladiator began the quest for the Orb.
     0 | D:1      | Reached XP level 1. HP: 16/16 MP: 1/1
   216 | D:1      | Reached XP level 2. HP: 21/23 MP: 2/2
   281 | D:1      | Reached skill level 5 in Polearms
   313 | D:1      | Reached XP level 3. HP: 24/28 MP: 3/3
   858 | D:2      | Reached XP level 4. HP: 35/35 MP: 4/4
   897 | D:2      | Noticed Robin
   934 | D:2      | Reached skill level 5 in Dodging
   947 | D:2      | Killed Robin
  1315 | D:2      | Reached XP level 5. HP: 34/41 MP: 5/5
  1501 | D:2      | Reached skill level 6 in Polearms
  1510 | D:2      | Found a faded altar of an unknown god.
  1611 | D:3      | Noticed Terence
  1623 | D:3      | Killed Terence
  1869 | D:3      | Killed from afar by an orc priest

Skill      XL: |  1  2  3  4  5 |
---------------+----------------+-----
Polearms       | 5 6 |  6.2
Fighting       | 3 |  3.7
Dodging        | 5 |  5.5
Throwing       | |  2.0

Action                   |  1- 3 |  4- 6 || total
-------------------------+-------+-------++-------
Melee: Trident           |   113 |   117 ||   230
Throw: Throwing net      |       |     4 ||     4
Evoke: Wand              |       |     3 ||     3
  Use: Scroll            |     4 |     1 ||     5
 Stab: Sleeping          |     1 |       ||     1
       Held in net/web   |       |     1 ||     1
  Eat: Chunk             |       |     3 ||     3
Armor: Ring mail         |    27 |       ||    27
       Scale mail        |     9 |    31 ||    40
Dodge: Dodged            |    67 |    66 ||   133
